 Dungeon Crawl Stone Soup version 0.27-a0-1347-gd8886f0a89 (webtiles) character file.

Game seed: 17347584901236751758

3572 sanka the Martial Artist (level 10, -13/70 HPs)
             Began as a Human Transmuter on June 27, 2021.
             Was a Follower of Okawaru.
             Mangled by Joseph (19 damage)
             ... on level 7 of the Dungeon.
             The game lasted 00:18:44 (11030 turns).

sanka the Martial Artist (Human Transmuter)        Turns: 11030, Time: 00:18:44

Health: -13/70     AC:  2    Str: 11    XL:     10   Next: 31%
Magic:  11/13      EV: 27    Int: 14    God:    Okawaru [*.....]
Gold:   354        SH:  0    Dex: 21    Spells: 3/13 levels left

rFire    . . .     SeeInvis .     - Unarmed
rCold    . . .     Faith    .   (shield currently unavailable)
rNeg     . . .     Spirit   .   (armour currently unavailable)
rPois    x         Reflect  .   (helmet currently unavailable)
rElec    .         Harm     .   (cloak currently unavailable)
rCorr    .         Rampage  .   (gloves currently unavailable)
Will     .....                  (boots currently unavailable)
Stlth    ++........             (no amulet)
HPRegen  0.21/turn              (no ring)
MPRegen  0.13/turn              (no ring)

@: spider-form
A: venomous fangs, tiny
a: End Transformation, Renounce Religion, Heroism


You were on level 7 of the Dungeon.
You worshipped Okawaru.
Okawaru was aware of your devotion.
You were a venomous arachnid creature.
You visited 2 branches of the dungeon, and saw 8 of its levels.

You collected 354 gold pieces.


   Skills:
 - Level 3.0 Fighting
 - Level 8.0 Dodging
 - Level 10.0 Unarmed Combat
 - Level 2.0 Spellcasting
 + Level 5.3 Transmutations
 - Level 4.0 Poison Magic
 + Level 0.0 Invocations


You had 3 spell levels left.
You knew the following spells:

 Your Spells              Type           Power      Damage    Failure   Level
c - Ice Form              Ice/Tmut       8%         N/A       82%         4
x - Beastly Appendage     Tmut           32%        N/A       10%         1
y - Wereblood             Tmut           16%        N/A       13%         2
z - Spider Form           Tmut/Pois      7%         N/A       26%         3

Your spell library contained the following spells:

 Spells                   Type           Power      Damage    Failure   Level


Inventory:

Armour
 c - a +0 pair of gloves (melded)
 f - a +0 cloak (melded)
 h - a +0 helmet (melded)
 p - a +0 robe of willpower (melded)
 s - a +2 leather armour of fire resistance
 v - +0 steam dragon scales
Wands
 u - a wand of paralysis (5)
Scrolls
 a - 4 scrolls of immolation {!r}
 d - 2 scrolls of fog
 e - 5 scrolls of torment {!r}
 j - a scroll of enchant armour
 m - a scroll of vulnerability {!r}
 n - a scroll of summoning
 o - a scroll of amnesia
Potions
 b - 2 potions of lignification {unknown}
 g - 2 potions of degeneration {unknown}
 i - 2 potions of mutation {unknown}
 k - 2 potions of cancellation {unknown}
 l - 2 potions of haste {@q3}
 q - a potion of attraction {unknown}
 r - a potion of magic {unknown}
 t - 2 potions of curing {@q1}

Dungeon Overview and Level Annotations

Branches:
Dungeon (7/15)             Temple (1/1) D:6

Altars:
Ashenzari
Cheibriados
Dithmenos
Elyvilon
Fedhas
Gozag
Hepliaklqana
Kikubaaqudgha
Makhleb
Nemelex Xobeh
Okawaru
Qazlal
Ru
Sif Muna
Trog
Uskayaw
Vehumet
Wu Jian
Xom
Yredelemnul
Zin
The Shining One

Shops:
D:6 (

Annotations:
D:7 Joseph

▒.▒......... ▒.▒▒.▒▒▒....
@ ▒.▒▒.▒ ▒.... .. ▒.▒▒.▒
▒.... ... ▒.▒▒.▒▒▒.▒▒▒ ...
▒.▒▒..▒▒.▒ .. .. ▒▒▒▒▒
▒.▒▒▒.▒▒.▒ ....▒.▒▒▒...▒
▒.▒ ▒.▒▒.▒ ▒....▒s..▒ ▒.▒
▒..▒.▒ ▒▒▒....@...▒ ▒.▒
▒▒.▒.▒ ........▒...▒ ▒.▒
▒.▒.▒▒▒
........▒...▒▒▒.▒▒▒▒.▒....
<.......▒...▒.....▒▒......
........▒...▒.....▒▒▒.....
........▒...▒.....▒ ▒.....
▒.............▒.....▒
▒▒....
▒.▒▒▒▒▒▒▒▒.▒'▒▒▒▒'▒▒▒
▒....


You could see Joseph (extremely poisoned).


Message History

Joseph wields a +0 quarterstaff.
Joseph hits you with a +0 quarterstaff!
You hit Joseph.
Joseph is lightly wounded.
Joseph hits you with a +0 quarterstaff.
You completely miss Joseph.
Joseph is lightly wounded.
Joseph hits you with a +0 quarterstaff!
* * * LOW HITPOINT WARNING * * *
You hit Joseph.
Joseph is poisoned.
Joseph is lightly wounded.
Joseph hits you with a +0 quarterstaff!
* * * LOW HITPOINT WARNING * * *
You bite Joseph!
Joseph is moderately wounded.
You hit Joseph.
Joseph looks as sick as possible!
Joseph is moderately wounded.
Joseph completely misses you.
You hit Joseph.
Joseph looks as sick as possible!
Joseph is heavily wounded.
Joseph hits you with a +0 quarterstaff!
* * * LOW HITPOINT WARNING * * *
You hit Joseph but do no damage.
Joseph looks as sick as possible!
Joseph is heavily wounded.
Joseph hits you with a +0 quarterstaff!!
You die...

Action                   |  1- 3 |  4- 6 |  7- 9 | 10-12 || total
-------------------------+-------+-------+-------+-------++-------
Melee: Unarmed           |    88 |   156 |   394 |    63 ||   701
       Kick              |    16 |    10 |       |       ||    26
       Headbutt          |    12 |     2 |       |       ||    14
       Punch             |       |     1 |     2 |       ||     3
 Cast: Beastly Appendage |    20 |    19 |     1 |       ||    40
       Spider Form       |     1 |    11 |    45 |     8 ||    65
  Use: Scroll            |       |       |     5 |     4 ||     9
 Stab: Sleeping          |       |       |     3 |     1 ||     4
Armor: Robe              |    18 |    13 |    22 |       ||    53
       Skin              |       |     3 |     3 |     1 ||     7
Dodge: Dodged            |    51 |    73 |   328 |    37 ||   489

Levels and vault maps discovered:
D:1:      wander_arrival_lonely_grave, layout_loops_cross,
          basic_ecumenical_altar, minmay_3d_cube
D:2:      layout_basic, uniq_crazy_yiuf_cottage, uniq_robin
D:3:      layout_loops_ring, serial_forest, infiniplex_forest_clump_medium,
          infiniplex_forest_clump_diagonal, infiniplex_forest_corner_1,
          infiniplex_forest_clump_double, infiniplex_forest_lined_4_way,
          infiniplex_forest_clump_curved, infiniplex_forest_lined_4_way,
          uniq_sigmund
D:4:      layout_layer_cave, zin_scriptorium, chequers_serial_rivers_micro_b,
          solitary_fountain, uniq_duvessa, uniq_blork_the_orc
D:5:      layout_loops_corners, grunt_ministairs_2, uniq_eustachio
D:6:      layout_basic, grunt_temple_overflow_cloverleaf,
          minmay_temple_entry_glassed_door, serial_shops, nicolae_lakefront_shop
D:7:      layout_basic, old_standard_altar, nicolae_overflow_crystal_walls,
          david_defended_altar_orc, uniq_joseph, uniq_maggie, uniq_pikel
Temple:   regret_index_temple_generic_petals

Notes
Turn   | Place    | Note
-------+----------+-------------------------------------------
     0 | D:1      | sanka the Human Transmuter began the quest for the Orb.
     0 | D:1      | Reached XP level 1. HP: 15/15 MP: 3/3
   280 | D:1      | Reached XP level 2. HP: 21/21 MP: 3/5
   408 | D:1      | Found a faded altar of an unknown god.
   446 | D:1      | Reached skill level 3 in Transmutations
   477 | D:1      | Reached XP level 3. HP: 19/26 MP: 4/6
   607 | D:1      | Learned a level 2 spell: Wereblood
   611 | D:1      | Learned a level 3 spell: Spider Form
   811 | D:1      | Reached skill level 1 in Poison Magic
  1480 | D:2      | Reached skill level 2 in Poison Magic
  1480 | D:2      | Reached XP level 4. HP: 24/32 MP: 3/7
  2053 | D:2      | Reached skill level 3 in Poison Magic
  2213 | D:2      | Reached XP level 5. HP: 23/37 MP: 6/8
  2237 | D:2      | Noticed Robin
  2434 | D:2      | Killed Robin
  2801 | D:2      | Found a runed translucent door.
  2802 | D:2      | Noticed Crazy Yiuf
  2940 | D:2      | Killed Crazy Yiuf
  3282 | D:3      | Reached skill level 4 in Transmutations
  3420 | D:3      | Reached skill level 4 in Poison Magic
  3420 | D:3      | Reached XP level 6. HP: 25/43 MP: 4/9
  3856 | D:3      | Reached skill level 3 in Dodging
  3982 | D:3      | Noticed Sigmund
  3993 | D:3      | Killed Sigmund
  3994 | D:3      | Reached skill level 4 in Dodging
  3994 | D:3      | Reached XP level 7. HP: 31/48 MP: 7/10
  4870 | D:4      | Reached skill level 5 in Dodging
  5142 | D:4      | Reached skill level 6 in Dodging
  5454 | D:4      | Noticed Dowan
  5455 | D:4      | Noticed Duvessa
  5496 | D:4      | Killed Duvessa
  5497 | D:4      | Reached XP level 8. HP: 24/54 MP: 11/11
  5508 | D:4      | Killed Dowan
  5784 | D:4      | Noticed Blork the orc
  5799 | D:4      | Killed Blork the orc
  5800 | D:4      | Reached skill level 7 in Dodging
  6340 | D:4      | Found a glowing silver altar of Zin.
  6750 | D:5      | Entered Level 5 of the Dungeon
  7470 | D:5      | Noticed Eustachio
  7487 | D:5      | Killed Eustachio
  7488 | D:5      | Reached skill level 8 in Dodging
  7553 | D:5      | Reached skill level 2 in Fighting
  7734 | D:5      | Reached skill level 4 in Unarmed Combat
  7870 | D:5      | Reached skill level 3 in Fighting
  7870 | D:5      | Reached XP level 9. HP: 45/62 MP: 7/12
  8003 | D:5      | Noticed a two-headed ogre
  8017 | D:5      | Killed a two-headed ogre
  8018 | D:5      | Reached skill level 7 in Unarmed Combat
  9009 | D:6      | Found Yxagouc's Antique Weapon Emporium.
  9120 | D:6      | Reached skill level 8 in Unarmed Combat
  9587 | D:6      | Reached XP level 10. HP: 53/70 MP: 13/13
  9735 | D:6      | Found a staircase to the Ecumenical Temple.
  9745 | Temple   | Entered the Ecumenical Temple
 10002 | Temple   | Became a worshipper of Warmaster Okawaru
 10035 | D:6      | Reached skill level 9 in Unarmed Combat
 10230 | D:6      | Found a hazy altar of Hepliaklqana.
 10258 | D:6      | Found a bloodstained altar of Trog.
 10261 | D:6      | Found a glowing golden altar of the Shining One.
 10271 | D:6      | Found a blossoming altar of Fedhas.
 10660 | D:7      | Identified +0 steam dragon scales
 10660 | D:7      | Noticed Maggie
 10682 | D:7      | Paralysed by Maggie for 3 turns
 10688 | D:7      | Killed Maggie
 10688 | D:7      | Reached * piety under Okawaru
 10689 | D:7      | Reached skill level 10 in Unarmed Combat
 10770 | D:7      | Learned a level 4 spell: Ice Form
 10834 | D:7      | Found a snail-covered altar of Cheibriados.
 10925 | D:7      | Found an opulent altar of Gozag.
 10965 | D:7      | Reached skill level 5 in Transmutations
 11010 | D:7      | Noticed Joseph
 11029 | D:7      | HP: 6/70 [Joseph (16)]
 11030 | D:7      | Mangled by Joseph

Vanquished Creatures
  A two-headed ogre (D:5)
  Maggie (D:7)
  Sigmund (D:3)
  Eustachio (D:5)
  Duvessa (D:4)
  An ice beast (D:7)
  A black bear (D:5)
  A sky beast (D:6)
  2 necrophages
  An ogre (D:4)
  2 phantoms
  Blork the orc (D:4)
  A gnoll sergeant (D:6)
  2 scorpions
  Dowan (D:4)
  A water moccasin zombie (D:6)
  A water moccasin skeleton (D:6)
  5 wights (D:6)
  A bullfrog zombie (D:3)
  A jelly (D:5)
  Crazy Yiuf (D:2)
  6 hounds
  2 gnoll shamans
  2 orc priests (D:3)
  An iguana (D:5)
  2 orc wizards (D:5)
  A hound skeleton (D:4)
  Robin (D:2)
  A howler monkey zombie (D:6)
  24 gnolls
  6 adders
  A white imp (D:5)
  4 ufetubi
  A worm (D:3)
  6 dart slugs
  6 orcs
  6 ball pythons
  8 endoplasms
  4 giant cockroaches
  17 goblins
  9 hobgoblins
  11 jackals
  4 quokkas
  4 bats
  2 frilled lizards (D:1)
  5 kobolds
  9 rats
  A bush (D:3)
172 creatures vanquished.

Vanquished Creatures (others)
  3 plants (D:3)
3 creatures vanquished.

Grand Total: 175 creatures vanquished
